 Dungeon Crawl Stone Soup version 0.23.0 (console) character file.

Game seed: 11454383437998728912

3234 Catiua the Covert (level 9, -7/63 HPs)
             Began as a Vampire Enchanter on Feb 17, 2019.
             Was an Elder of Lugonu.
             Mangled by a two-headed ogre
             ... wielding a +0 giant spiked club
              (19 damage)
             ... on level 8 of the Dungeon.
             The game lasted 01:03:35 (12011 turns).

Catiua the Covert (Vampire Enchanter)              Turns: 12011, Time: 01:03:36

Health: -7/63      AC:  3    Str:  9    XL:     9   Next: 66%
Magic:  15/15      EV: 13    Int: 20    God:    Lugonu [****..]
Gold:   392        SH:  0    Dex: 19    Spells: 7/16 levels left

rFire    . . .     SeeInvis +   a - +2 dagger (speed)
rCold    + . .     Gourm    .   (no shield)
rNeg     + + .     Faith    .   z - +0 robe
rPois    +         Spirit   .   f - +1 hat
rElec    .         Reflect  .   n - scarf {cloud immunity}
rCorr    .         Harm     .   (no gloves)
MR       .....     Clarity  +   (no boots)
Stlth    ++++++....             (no amulet)
HPRegen  0.10/turn              E - +2 ring of strength
MPRegen  0.14/turn              G - ring of poison resistance

@: regenerating slowly
A: rotting body, fangs 3, see invisible, agile 1, clarity, clever 1,
unbreathing, MP-powered wands
a: Bat Form, Depart the Abyss, Bend Space, Banish, Corrupt, Renounce Religion


You were on level 8 of the Dungeon.
You worshipped Lugonu.
Lugonu was greatly pleased with you.
You were thirsty.

You visited 1 branch of the dungeon, and saw 8 of its levels.
You also visited: Sewer.

You collected 392 gold pieces.

Inventory:

Hand Weapons
 a - a +2 dagger of speed (weapon)
 b - a +1 hunting sling of freezing
 o - a +3 dagger of draining
Missiles
 c - 266 stones
 e - 74 sling bullets (quivered)
 m - a throwing net
 F - 5 needles of confusion
Armour
 f - a +1 hat (worn)
 n - a scarf of cloud immunity (worn)
 v - a +0 helmet
 z - a +0 robe (worn)
Jewellery
 E - a +2 ring of strength (left hand)
 G - a ring of poison resistance (right hand)
Wands
 g - a wand of flame (21)
 r - a wand of digging (6)
 t - a wand of acid (8)
Scrolls
 h - a scroll of fear
 u - a scroll of torment {unknown}
 x - a scroll of teleportation
 y - 2 scrolls of remove curse
 A - a scroll of magic mapping
 B - 3 scrolls of enchant weapon
 C - a scroll of blinking
 H - a scroll of noise {unknown}
Potions
 d - 4 potions of blood
 i - 2 potions of invisibility
 j - a potion of ambrosia {unknown}
 k - 2 potions of lignification
 l - a potion of magic
 p - 5 potions of curing
 q - 3 potions of flight
 s - a potion of brilliance
 w - 2 potions of heal wounds
 D - a potion of mutation


   Skills:
 - Level 3.0 Fighting
 + Level 9.1 Short Blades
 * Level 2.2 Dodging
 - Level 10.0 Stealth
 - Level 4.0 Spellcasting
 - Level 8.0 Hexes
 - Level 5.3 Invocations


You had 7 spell levels left.
You knew the following spells:

 Your Spells              Type           Power        Failure   Level  Hunger
a - Corona                Hex            #####..      1%          1    None
b - Ensorcelled Hibernat  Hex/Ice        ###...       3%          2    #......
c - Confuse               Hex            #####...     1%          3    ###....
d - Dazzling Spray        Conj/Hex       ###...       8%          3    ###....

Your spell library contained the following spells:

 Spells                   Type           Power        Failure   Level  Hunger
 Confusing Touch          Hex            #####.       1%          1    None
 Tukima's Dance           Hex            #####...     1%          3    ###....
 Animate Skeleton         Necr           N/A          13%         1    None
 Apportation              Tloc           #.....       13%         1    None
 Summon Small Mammal      Summ           #...         13%         1    None


Dungeon Overview and Level Annotations

Branches:
Dungeon (8/15)             Temple (0/1) D:7
   Lair: D:8-11

Altars:
Gozag
Makhleb
Xom
Zin
Lugonu

Annotations:
D:5 Prince Ribbit
D:7 Harold


Innate Abilities, Weirdness & Mutations

Your body is rotting away.
You thrive on raw meat.
You heal slowly.
You have razor-sharp teeth.
You have supernaturally acute eyesight. (SInv)
You can survive without breathing.
You are agile. (Dex +2)
You possess an exceptional clarity of mind.
Your mind is acute. (Int +2)
You expend magic power (3 MP) to strengthen your wands.


Message History

Aiming: Ensorcelled Hibernation (safe; 3% risk of failure)
Press: ? - help, Shift-Dir - straight line, f - orc
Aim: an orc, wielding a +0 hand axe and wearing a +0 chain mail (chance to defeat MR: 67%)
The orc looks drowsy...
The helpless orc fails to defend itself.
You bite the orc, and draw its blood!
You feel slightly less thirsty.
You perforate the orc like a sieve!!!!
You kill the orc!
Lugonu accepts your kill.
Things that are here:
a +0 hand axe; a +0 chain mail
There is a stone staircase leading down here.
You climb downwards.
The two-headed ogre hits you with a +0 giant spiked club!!
The two-headed ogre hits you with a +0 giant spiked club!
There is a stone staircase leading up here.
The two-headed ogre hits you with a +0 giant spiked club!
* * * LOW HITPOINT WARNING * * *
The two-headed ogre hits you with a +0 giant spiked club!!
You die...

...# ..#####
#########..##..##
#...............#
#...............
#..........##..#
##....†######..##
##.....##..##...#
#.......#.....@#
#.......'....O.#
##..##.######..#
#+# #.# #..# ...
..... #...
....... #####
##..#### #..# ...


You could see a two-headed ogre.

Vanquished Creatures
  An unseen horror (D:7)
  A hornet (D:7)
  A hippogriff (D:5)
  A wraith (D:7)
  An orc warrior (D:7)
  2 ice beasts (D:6)
  2 sky beasts
  3 ogres
  A centaur (D:7)
  A crocodile (Sewer)
  3 bullfrogs
  2 scorpions
  A howler monkey (D:5)
  2 crimson imps
  5 hounds
  2 orc priests (D:5)
  3 orc wizards
  Jessica (D:2)
  Terence (D:2)
  Ijyb (D:3)
  5 iguanas
  Natasha (thrice) (D:2)
  3 worker ants
  2 hound skeletons
  A worker ant zombie (D:6)
  11 gnolls
  A river rat (D:5)
  2 adders
  3 shadow imps
  2 oozes
  An adder skeleton (D:4)
  2 worms
  2 dart slugs
  8 leopard geckos
  16 orcs
  8 giant cockroaches
  8 hobgoblins
  19 jackals
  4 quokkas
  A ball python (D:2)
  13 bats
  A frilled lizard (D:2)
  8 goblins
  4 kobolds
  A quokka skeleton (D:6)
  7 rats
171 creatures vanquished.

Vanquished Creatures (others)
  A jelly (D:7)
1 creature vanquished.

Grand Total: 172 creatures vanquished

Notes
Turn   | Place    | Note
-------+----------+-------------------------------------------
     0 | D:1      | Catiua the Vampire Enchanter began the quest for the Orb.
     0 | D:1      | Reached XP level 1. HP: 13/13 MP: 3/3
   256 | D:1      | Reached XP level 2. HP: 4/19 MP: 5/5
   495 | D:1      | Learned a level 2 spell: Ensorcelled Hibernation
  1360 | D:1      | Reached skill level 5 in Hexes
  1461 | D:1      | Reached XP level 3. HP: 24/24 MP: 7/7
  1840 | D:2      | Noticed Jessica
  1992 | D:1      | Learned a level 3 spell: Confuse
  1998 | D:2      | Killed Jessica
  1998 | D:2      | Reached XP level 4. HP: 30/30 MP: 4/8
  2100 | D:2      | Noticed Terence
  2110 | D:2      | Killed Terence
  2110 | D:2      | Reached skill level 5 in Stealth
  2147 | D:2      | Noticed Natasha
  2154 | D:2      | Killed Natasha
  2158 | D:2      | Noticed Natasha
  2164 | D:2      | Killed Natasha
  2164 | D:2      | Reached XP level 5. HP: 35/35 MP: 7/10
  2554 | D:2      | Noticed Natasha
  2560 | D:2      | Killed Natasha
  3147 | D:3      | Learned a level 3 spell: Dazzling Spray
  3190 | D:3      | Found a faded altar of an unknown god.
  3308 | D:3      | Became a worshipper of Lugonu the Unformed
  3308 | D:3      | Reached * piety under Lugonu
  3308 | D:3      | Reached ** piety under Lugonu
  3516 | D:3      | Noticed Ijyb
  3521 | D:3      | Killed Ijyb
  3927 | D:4      | Reached XP level 6. HP: 34/41 MP: 9/12
  3996 | D:4      | Reached skill level 6 in Stealth
  3996 | D:4      | Reached skill level 1 in Invocations
  4724 | D:4      | Reached skill level 5 in Short Blades
  4846 | D:5      | Entered Level 5 of the Dungeon
  4850 | D:5      | Reached XP level 7. HP: 41/46 MP: 6/13
  5047 | D:5      | Reached *** piety under Lugonu
  5114 | D:5      | Reached skill level 7 in Stealth
  5139 | D:5      | Found a glowing drain.
  5268 | Sewer    | Entered a sewer
  5772 | D:5      | Noticed a hippogriff
  5779 | D:5      | Killed a hippogriff
  5808 | D:5      | Found a shimmering altar of Xom.
  6607 | D:5      | Reached XP level 8. HP: 52/52 MP: 8/14
  6658 | D:5      | Reached skill level 8 in Stealth
  6763 | D:5      | Found Kala's Gadget Shop.
  7097 | D:5      | Gained mutation: Your body sometimes deteriorates upon
                  | taking damage. [potion of mutation]
  7097 | D:5      | Gained mutation: Your system is resistant to poisons.
                  | (rPois) [potion of mutation]
  7097 | D:5      | Gained mutation: You expend magic power (3 MP) to
                  | strengthen your wands. [potion of mutation]
  7098 | D:5      | Lost mutation: You expend magic power (3 MP) to strengthen
                  | your wands. [potion of mutation]
  7098 | D:5      | Lost mutation: Your body sometimes deteriorates upon taking
                  | damage. [potion of mutation]
  7098 | D:5      | Gained mutation: You are partially covered in thin metallic
                  | scales. (AC +2) [potion of mutation]
  7098 | D:5      | Gained mutation: Your mind is acute. (Int +2) [potion of
                  | mutation]
  7098 | D:5      | Gained mutation: You tend to lose your temper in combat.
                  | [potion of mutation]
  7098 | D:5      | Gained mutation: You are agile. (Dex +2) [potion of
                  | mutation]
  7099 | D:5      | Lost mutation: Your system is resistant to poisons. (rPois)
                  | [potion of mutation]
  7099 | D:5      | Lost mutation: You tend to lose your temper in combat.
                  | [potion of mutation]
  7099 | D:5      | Lost mutation: You are partially covered in thin metallic
                  | scales. (AC +2) [potion of mutation]
  7099 | D:5      | Gained mutation: You expend magic power (3 MP) to
                  | strengthen your wands. [potion of mutation]
  7099 | D:5      | Gained mutation: You possess an exceptional clarity of
                  | mind. [potion of mutation]
  7453 | D:6      | Reached skill level 1 in Fighting
  7480 | D:6      | Found a glowing silver altar of Zin.
  7510 | D:6      | Noticed Prince Ribbit
  8924 | D:6      | Reached skill level 9 in Stealth
  9504 | D:7      | Noticed an unseen horror
 10129 | D:7      | Found an opulent altar of Gozag.
 10210 | D:7      | Reached XP level 9. HP: 52/62 MP: 12/15
 10399 | D:7      | Found a burning altar of Makhleb.
 10470 | D:7      | Reached **** piety under Lugonu
 10728 | D:7      | Found a staircase to the Ecumenical Temple.
 10949 | D:7      | Reached skill level 10 in Stealth
 11054 | D:7      | Killed an unseen horror
 11054 | D:7      | Reached skill level 5 in Invocations
 11137 | D:7      | Noticed Harold
 11645 | D:8      | Noticed a two-headed ogre
 12011 | D:8      | Mangled by a two-headed ogre

Skill      XL: |  1  2  3  4  5  6  7  8  9 |
---------------+----------------------------+-----
Hexes          | 5 8 |  8.0
Spellcasting   | 3 4 |  4.0
Short Blades   | 2 3 5 6 7 9 |  9.1
Stealth        | 5 6 7 9 10 | 10.0
Invocations    | 2 3 4 5 |  5.3
Fighting       | 2 3 |  3.0
Dodging        | |  2.2

Action                   |  1- 3 |  4- 6 |  7- 9 || total
-------------------------+-------+-------+-------++-------
Melee: Dagger            |   103 |   110 |   273 ||   486
       Bite              |     3 |     8 |    26 ||    37
Throw: Stone             |     1 |       |       ||     1
 Cast: Ensorcelled Hiber |    14 |    40 |    83 ||   137
       Confuse           |     1 |       |    17 ||    18
       Dazzling Spray    |       |       |     2 ||     2
 Abil: End Transformatio |       |     2 |     6 ||     8
       Bat Form          |       |     2 |     6 ||     8
  Use: Potion            |     1 |       |    16 ||    17
       Scroll            |       |     7 |     9 ||    16
 Stab: Sleeping          |    18 |    27 |    65 ||   110
       Confused          |     1 |       |     7 ||     8
       Distracted        |       |       |     3 ||     3
       Invisible         |       |       |     2 ||     2
  Eat: Corpse            |       |     4 |     1 ||     5
Armor: Robe              |    47 |    21 |    35 ||   103
Dodge: Dodged            |    95 |    81 |   144 ||   320
